 Dungeon Crawl Stone Soup version 0.20-a0-638-gd210ae2 (webtiles) character file.

238 MirrMurr the Cutter (level 5, 0/27 HPs)
             Began as a Spriggan Berserker on Feb 12, 2017.
             Was a Priest of Trog.
             Slain by an orc
             ... wielding a +0 trident
              (10 damage)
             ... on level 4 of the Dungeon.
             The game lasted 00:12:45 (4744 turns).

MirrMurr the Cutter (Spriggan Berserker)            Turns: 4744, Time: 00:12:45

Health: 0/27       AC:  3    Str: 13    XL:     5   Next: 78%
Magic:  6/6        EV: 20    Int:  8    God:    Trog [***...]
Gold:   102        SH:  0    Dex: 17    Spells: 4/4 levels left

rFire    . . .     SeeInvis +   b - +0 short sword
rCold    . . .     Gourm    .   e - +1 robe
rNeg     . . .     Faith    .   (shield restricted)
rPois    .         Spirit   .   (helmet restricted)
rElec    .         Reflect  .   (no cloak)
rCorr    .         Harm     .   (gloves unavailable)
MR       .....                  (boots unavailable)
Stlth    ++........             (no amulet)
Regen    0.1/turn               (no ring)
                                (no ring)

@: about to teleport, very quick
A: unfitting armour, see invisible, herbivore 3, speed 3, slow metabolism 2
a: Berserk, Trog's Hand, Burn Spellbooks, Renounce Religion


You were on level 4 of the Dungeon.
You worshipped Trog.
Trog was most pleased with you.
You were not hungry.

You visited 1 branch of the dungeon, and saw 4 of its levels.

You collected 102 gold pieces.

Inventory:

Hand Weapons
 a - a +0 hunting sling
 b - a +0 short sword (weapon)
 w - a +0 blowgun
Missiles
 f - 42 stones (quivered)
 l - 5 curare-tipped needles
 m - 22 sling bullets
 n - 8 poisoned needles
Armour
 e - a +1 robe (worn)
Scrolls
 i - 5 scrolls of identify
 k - a scroll of amnesia {unknown}
Potions
 d - a potion of brilliance
 g - a potion of curing
 h - 2 potions of haste
 p - a potion of might
Comestibles
 c - 3 bread rations


   Skills:
 - Level 2.4 Fighting
 * Level 5.8 Short Blades
 * Level 1.7(2.5) Slings
 - Level 2.2(2.5) Throwing
 - Level 4.4 Dodging
 + Level 3.0 Stealth


You had 4 spell levels left.
You didn't know any spells.

Dungeon Overview and Level Annotations

Branches:
Dungeon (4/15)
 Temple: D:4-7

Altars:
Makhleb
Okawaru
Ru


Innate Abilities, Weirdness & Mutations

You are very small and have problems with some larger weapons.
You are too small for most types of armour.
You have supernaturally acute eyesight. (SInv)
You are a herbivore.
You cover ground extremely quickly.
You need consume almost no food.


Message History

Press: ? - help, Shift-Dir - straight line, f/p - ogre
Aim: an ogre, wielding a giant spiked club (moderately wounded, poisoned)
You shoot a poisoned needle. The poisoned needle hits the ogre.
The ogre looks as sick as possible!
The ogre is moderately wounded.
A jackal comes into view.
As you read the scroll of teleportation, it crumbles to dust.
You feel strangely unstable. The ogre completely misses you.
a - a +0 hunting sling (weapon)
The ogre closely misses you. The orc misses you.
b - a +0 short sword (weapon)
The ogre hits you with a giant spiked club!
Ouch! That really hurt!
The jackal barks!
Unknown command.
You hit the ogre.
The ogre is severely wounded.
The ogre barely misses you.
The orc hits you from afar with a trident!
You die...

##.#########
.h(..hO@Oo.#
##.#######(# #
#.# ##.
#####O#
##...##...#o##
#......<.....#
#....##...#(.#
#.. ##.###.# .
#.# #(#


You could see 2 ogres, an orc and 2 jackals.

Vanquished Creatures
  The ghost of MirrMurr the Ducker, a weakling SpBe of Trog (D:3)
  3 gnolls (D:3)
  7 adders
  4 worms
  2 dart slugs
  3 orcs
  5 giant cockroaches
  6 goblins
  9 hobgoblins
  16 jackals
  7 kobolds
  5 quokkas
  A ball python (D:3)
  10 bats
  8 frilled lizards
  8 rats
95 creatures vanquished.

Notes
Turn   | Place    | Note
-------+----------+-------------------------------------------
     0 | D:1      | MirrMurr the Spriggan Berserker began the quest for the Orb.
     0 | D:1      | Reached XP level 1. HP: 11/11 MP: 2/2
   326 | D:1      | Reached skill level 1 in Throwing
   326 | D:1      | Reached XP level 2. HP: 16/16 MP: 3/3
   976 | D:1      | Reached skill level 1 in Stealth
   983 | D:2      | Reached skill level 4 in Short Blades
  1080 | D:2      | Found a burning altar of Makhleb.
  1126 | D:2      | Reached XP level 3. HP: 18/19 MP: 4/4
  1890 | D:1      | Reached ** piety under Trog
  1977 | D:2      | Found an iron altar of Okawaru.
  2288 | D:2      | Reached XP level 4. HP: 7/23 MP: 5/5
  3062 | D:3      | Reached skill level 5 in Short Blades
  3181 | D:3      | Found a sacrificial altar of Ru.
  3465 | D:3      | Reached XP level 5. HP: 16/27 MP: 6/6
  3803 | D:3      | Reached *** piety under Trog
  3818 | D:3      | Noticed MirrMurr's ghost (weakling SpBe)
  3827 | D:3      | Killed MirrMurr's ghost
  3827 | D:3      | Reached skill level 1 in Slings
  4634 | D:4      | Noticed an ogre
  4735 | D:4      | Noticed an ogre
  4744 | D:4      | Slain by an orc

Vault maps used:
D:1:      doesnt_arrival_eight_statues, minmay_misc_feat_tiny
D:2:      okawaru_ov_weapons_minmay, overflow_temple_1_default, first_bread,
          serial_bayou_lake_a
D:3:      nicolae_ru_the_path_less_chosen, hangedman_decor_push
D:4:      uniq_menkaure

Skill      XL: |  1  2  3  4  5 |
---------------+----------------+-----
Throwing       | 1 2 |  2.2
Stealth        | 1 2 3 |  3.0
Short Blades   | 4 5 |  5.8
Slings         | 1 |  1.7
Fighting       | |  2.4
Dodging        | |  4.4

Action                   |  1- 3 |  4- 6 || total
-------------------------+-------+-------++-------
Melee: Short sword       |   220 |   179 ||   399
 Fire: Hunting sling     |       |    80 ||    80
       Blowgun           |       |     8 ||     8
Invok: Trog's Hand       |     1 |     1 ||     2
       Berserk           |       |     1 ||     1
  Use: Scroll            |     6 |     6 ||    12
 Stab: Distracted        |     1 |       ||     1
       Sleeping          |       |     3 ||     3
  Eat: Bread ration      |       |     1 ||     1
Armor: Animal skin       |     4 |       ||     4
       Robe              |    21 |    14 ||    35
Dodge: Dodged            |   204 |   163 ||   367
